 Dungeon Crawl Stone Soup version 0.28.0-45-g0d030f2227 (webtiles) character file.

Game seed: 8728079365154713951

4194 101zpm the Thaumaturge (level 10, -9/62 HPs)
             Began as a Djinni Ice Elementalist on Apr 13, 2022.
             Killed from afar by a wight (32 damage)
             ... with a bolt of acid
             ... on level 8 of the Dungeon.
             The game lasted 00:49:58 (12654 turns).

101zpm the Thaumaturge (Djinni Ice Elementalist)   Turns: 12654, Time: 00:49:58

Health: -9/62      AC:  4    Str:  7    XL:     10   Next: 54%
Gold:   376        EV: 13    Int: 27    God:
                   SH:  0    Dex: 14

rFire   + + .      SeeInvis .     - Unarmed
rCold   x . .      Faith    .   (no shield)
rNeg    . . .      Spirit   .   a - +0 robe
rPois   ∞          Reflect  .   n - +0 helmet
rElec   .          Harm     .   (no cloak)
rCorr   .          Rampage  .   d - +0 pair of gloves
Will    +....                   (boots unavailable)
Stlth   ++........              (no amulet)
HPRegen 0.20/turn               y - +6 ring of intelligence
MPRegen 0.00/turn               (no ring)

@: freezing walls, flying
A: sickness immunity, fire resistance 2, cold vulnerability 1, float, innate
caster, HP casting, extra vitality 1
a: no special abilities


You were on level 8 of the Dungeon.
You visited 2 branches of the dungeon, and saw 9 of its levels.

You collected 376 gold pieces.

Inventory:

Missiles
 x - 3 boomerangs
Armour
 a - a +0 robe (worn)
 d - a +0 pair of gloves (worn)
 n - a +0 helmet (worn)
Jewellery
 y - a +6 ring of intelligence (left hand)
Wands
 s - a wand of flame (9)
 u - a wand of mindburst (23)
Scrolls
 b - 5 scrolls of fog
 e - 4 scrolls of teleportation
 g - a scroll of magic mapping
 k - 2 scrolls of fear
 q - a scroll of enchant weapon {unknown}
 r - a scroll of brand weapon {unknown}
 v - a scroll of vulnerability {unknown}
Potions
 c - a potion of might {unknown}
 f - a potion of degeneration {unknown}
 h - 2 potions of cancellation
 j - a potion of haste {unknown}
 l - 3 potions of curing
 m - 2 potions of brilliance
 o - a potion of ambrosia {unknown}
 p - a potion of heal wounds {unknown}
 w - a potion of mutation {unknown}


   Skills:
 + Level 1.0 Fighting
 + Level 3.9 Dodging
 + Level 3.6 Stealth
 + Level 1.1 Unarmed Combat
 + Level 11.1 Spellcasting


You had 10 spell levels left.
You knew the following spells:

 Your Spells              Type           Power      Damage    Failure   Level
a - Freeze                Ice            100%       1d11      1%          1
b - Frozen Ramparts       Ice            100%       1d12      1%          3
c - Ozocubu's Armour      Ice            66%        N/A       1%          3
d - Hailstorm             Conj/Ice       66%        3d14      1%          4
e - Foxfire               Conj/Fire      100%       2x1d9     1%          1
f - Scorch                Fire           100%       2d10      1%          2
g - Mephitic Cloud        Conj/Pois/Air  66%        N/A       1%          3
h - Animate Dead          Necr           33%        N/A       1%          4
Your spell library was empty.

Dungeon Overview and Level Annotations

Branches:
Dungeon (8/15)             Temple (1/1) D:6
   Lair: D:8-11

Altars:
Ashenzari
Cheibriados
Dithmenos
Elyvilon
Fedhas
Gozag
Hepliaklqana
Kikubaaqudgha
Makhleb
Nemelex Xobeh
Okawaru
Qazlal
Ru
Sif Muna
Trog
Uskayaw
Vehumet
Wu Jian
Xom
Yredelemnul
Zin
The Shining One

Shops:
D:1 ((!   D:3 !   D:4 !   D:6 (   D:7 [[   D:8 [


Innate Abilities, Weirdness & Mutations

You are immune to sickness and miasma.
You are immune to poison.
Your flesh is very heat resistant. (rF++)
You are vulnerable to cold. (rC-)
You float through the air rather than walking.
You learn spells naturally, not from books.
Your magical power is your life essence.
You have superior vitality. (+4 MHP)


Message History

The centaur is engulfed in noxious fumes.
The centaur appears confused.
A killer bee comes into view.
The wall freezes the centaur!
The centaur barely misses itself.
The centaur kicks itself but does no damage.
The wall freezes the killer bee.
The centaur moves out of view.
Casting: Frozen Ramparts (safe; 1% risk of failure)
Confirm with . or Enter, or press ? or * to list all spells.
Flames lash the killer bee.
You kill the killer bee!
The killer bee buzzes angrily.
The wall freezes the centaur.
A killer bee comes into view.
Casting: Scorch (safe; 1% risk of failure)
Confirm with . or Enter, or press ? or * to list all spells.
Aiming: Mephitic Cloud (safe; 1% risk of failure)
Press: ? - help, Shift-Dir - straight line, f - centaur
Aim: a centaur, quivering arrows (almost dead, confused, chance to affect: 81%)
The ball explodes into a vile cloud!
The stinking cloud engulfs the centaur but does no damage.
The centaur is almost dead.
You hear a loud, deep croak!
You hear a shout!
The centaur is engulfed in noxious fumes.
The centaur appears confused.
The wall freezes the centaur.
You kill the centaur!
A killer bee comes into view. x2
The orc warrior is engulfed in noxious fumes.
The orc warrior appears confused.
Casting: Mephitic Cloud (safe; 1% risk of failure)
Confirm with . or Enter, or press ? or * to list all spells.
You call on the dead to rise...
The dead are walking!
Something barely misses the wight.
Something kicks the wight but does no damage.
The wight zaps a wand.
The bolt of acid hits your orc warrior zombie!!
The acid corrodes your orc warrior zombie!
Your orc warrior zombie is destroyed!
The bolt of acid hits you!!
Ouch! That really hurt!
You die...

#### #≈≈≈#..
############≈≈≈≈≈..
######..........@≈≈∩≈≈..
.......########☼#≈≈.≈≈..
######## #§##≈.≈... §##
#y#y.. z# ...y. o# #y..
.# ... .# ..


You could see an orc warrior (confused), 4 killer bees and a wight.

Vanquished Creatures
  A two-headed ogre (D:8)
  The ghost of McKennaii the Conjurer, a novice DsCj (D:5)
  A hornet (D:8)
  A troll (D:7)
  Eustachio (D:5)
  A wyvern (D:8)
  2 water moccasins (D:7)
  2 orc warriors
  A hornet zombie (D:7)
  2 sky beasts
  2 ice beasts
  A necrophage (D:5)
  2 ogres
  A black bear (D:4)
  2 centaurs
  A bullfrog (D:7)
  4 scorpions
  A water moccasin zombie (D:6)
  A water moccasin skeleton (D:5)
  A killer bee (D:8)
  2 howler monkeys
  2 centaur skeletons (D:7)
  A centaur zombie (D:5)
  6 hounds
  A gnoll shaman (D:7)
  2 orc priests
  A bullfrog skeleton (D:4)
  5 iguanas
  An orc wizard (D:4)
  A hound skeleton (D:4)
  6 gnolls
  10 adders
  A shadow imp (D:6)
  An ufetubus (D:6)
  3 worms
  A dart slug (D:2)
  18 orcs
  9 ball pythons
  6 endoplasms
  A giant cockroach (D:4)
  2 goblins
  5 hobgoblins
  3 jackals (D:1)
  3 quokkas
  5 bats
  4 frilled lizards
  4 kobolds
  A rat (D:3)
134 creatures vanquished.

Vanquished Creatures (others)
  448 foxfires
448 creatures vanquished.

Grand Total: 582 creatures vanquished

Notes
Turn   | Place    | Note
-------+----------+-------------------------------------------
     0 | D:1      | 101zpm the Djinni Ice Elementalist began the quest for the
                  | Orb.
     0 | D:1      | Reached XP level 1. HP: 15/15 MP: 0/0
   237 | D:2      | Reached XP level 2. HP: 16/21 MP: 0/0
   528 | D:2      | Reached XP level 3. HP: 13/25 MP: 0/0
   528 | D:2      | Learned a level 1 spell: Foxfire
   759 | D:2      | Reached skill level 4 in Spellcasting
  1349 | D:2      | Found a glowing golden altar of the Shining One.
  2043 | D:3      | Found Hyusupn's Distillery.
  2227 | D:3      | Reached XP level 4. HP: 13/31 MP: 0/0
  2924 | D:3      | Reached XP level 5. HP: 30/35 MP: 0/0
  2924 | D:3      | Learned a level 2 spell: Scorch
  3605 | D:1      | Found a faded altar of an unknown god.
  3954 | D:1      | Found Reiklian's Distillery.
  3981 | D:1      | Found Damaneuh's Weapon Shoppe.
  4141 | D:1      | Found Oxarics's Antique Weapon Boutique.
  4478 | D:4      | Reached XP level 6. HP: 27/40 MP: 0/0
  4484 | D:4      | Reached skill level 1 in Unarmed Combat
  4484 | D:4      | Reached skill level 5 in Spellcasting
  5037 | D:4      | Noticed an ogre
  5060 | D:4      | Noticed a black bear
  5061 | D:4      | Killed an ogre
  5062 | D:4      | Reached XP level 7. HP: 23/45 MP: 0/0
  5062 | D:4      | Learned a level 3 spell: Mephitic Cloud
  5442 | D:4      | Reached skill level 6 in Spellcasting
  5908 | D:4      | Found Ixzih's Distillery.
  6074 | D:5      | Entered Level 5 of the Dungeon
  6235 | D:5      | Noticed Eustachio
  6283 | D:5      | Reached XP level 8. HP: 37/50 MP: 0/0
  6405 | D:5      | Killed Eustachio
  6406 | D:5      | Reached skill level 7 in Spellcasting
  6973 | D:5      | Reached skill level 8 in Spellcasting
  7187 | D:5      | Noticed McKennaii's ghost (novice DsCj)
  7219 | D:5      | Found a runed translucent door.
  7476 | D:5      | Reached XP level 9. HP: 48/55 MP: 0/0
  7476 | D:5      | Learned a level 4 spell: Animate Dead
  8768 | D:6      | Found a staircase to the Ecumenical Temple.
  9068 | D:6      | Found Lasch's Weapon Emporium.
  9947 | D:7      | Reached skill level 9 in Spellcasting
 10023 | D:7      | Noticed a troll
 10029 | D:7      | Killed a troll
 10096 | D:7      | Found Napreu Luro's Antique Armour Boutique.
 10601 | D:7      | Reached XP level 10. HP: 56/61 MP: 0/0
 10632 | D:7      | Found Bael's Armour Emporium.
 10633 | D:7      | Found Rijorgh's Book Shop.
 11016 | Temple   | Entered the Ecumenical Temple
 11557 | D:5      | Killed McKennaii's ghost
 11558 | D:5      | Reached skill level 10 in Spellcasting
 12032 | D:8      | Noticed a two-headed ogre
 12470 | D:8      | Killed a two-headed ogre
 12471 | D:8      | Reached skill level 1 in Fighting
 12634 | D:8      | Found Red Hogargh's Antique Armour Shop.
 12648 | D:8      | Reached skill level 11 in Spellcasting
 12654 | D:8      | Killed from afar by a wight

Illustrated notes

Levels and vault maps discovered:
D:1:      dpeg_arrival_three_same_balls, layout_basic,
          hellmonk_ecumenical_altar_leap_of_faith, serial_shops,
          nicolae_shop_statue_plus, nicolae_shop_stone, shop_statue
D:2:      layout_loops_corners, basic_altar, minmay_tripent
D:3:      layout_loops_ring, serial_shops, nicolae_shop_trees
D:4:      wad_river_or_something, layout_cave_pools, serial_shops,
          kennysheep_mini
D:5:      layout_cave_pools, lemuel_coloured_pillars_altar,
          hellmonk_ghost_happy_afterlife, uniq_eustachio
D:6:      layout_rooms, minmay_temple_entry_trees, serial_shops, shop_fountains,
          hangedman_decor_growths, nicolae_lava_and_water
D:7:      layout_loops_ring, serial_shops, nicolae_shop_waterfront,
          nicolae_inconvenience_store, nicolae_shop_behind_doors,
          kennysheep_little_box, nicolae_shop_window_shopping,
          nicolae_concentric_dashed_squares_mild
D:8:      minmay_imperfect_grid, layout_rooms, serial_shops,
          nicolae_shop_waterfront, uniq_prince_ribbit1
Temple:   mainiacjoe_temple_hex_bubbles

Skill      XL: |  1  2  3  4  5  6  7  8  9 10 |
---------------+-------------------------------+-----
Spellcasting   | 4 5 6 8 9 11 | 11.1
Stealth        | 2 3 |  3.6
Unarmed Combat | 1 |  1.1
Dodging        | 3 |  3.9
Fighting       | 1 |  1.0

Action                   |  1- 3 |  4- 6 |  7- 9 | 10-12 || total
-------------------------+-------+-------+-------+-------++-------
Melee: Unarmed           |     4 |    14 |       |       ||    18
 Cast: Freeze            |    36 |    11 |     8 |       ||    55
       Foxfire           |    24 |    67 |   160 |    24 ||   275
       Frozen Ramparts   |     1 |    14 |    26 |     8 ||    49
       Ozocubu's Armour  |     1 |     1 |       |       ||     2
       Hailstorm         |       |     1 |       |       ||     1
       Scorch            |       |    10 |    28 |    13 ||    51
       Mephitic Cloud    |       |       |     6 |     4 ||    10
       Animate Dead      |       |       |       |     1 ||     1
  Use: Scroll            |       |       |     8 |     1 ||     9
Armor: Robe              |     5 |    22 |    17 |     1 ||    45
Dodge: Dodged            |    23 |    31 |    26 |     6 ||    86
